 Dungeon Crawl Stone Soup version 0.30.0-16-gbe6223bb7e (webtiles) character file.

Game seed: 7293819872533508738

974 pigah the Zephyrmancer (level 8, -5/46 HPs)
             Began as an Octopode Air Elementalist on May 20, 2023.
             Shot with an arrow by a centaur (15 damage)
             ... on level 5 of the Dungeon.
             The game lasted 00:07:10 (5633 turns).

pigah the Zephyrmancer (Octopode Air Elementalist)  Turns: 5633, Time: 00:07:11

Health: -5/46      AC:  1    Str: 13    XL:     8   Next: 16%
Magic:  3/15       EV: 13    Int: 20    God:
Gold:   373        SH:  0    Dex: 12    Spells: 9/17 levels left

rFire   . . .        b - staff of air
rCold   . . .        (no shield)
rNeg    . . .        (helmet restricted)
rPois   .            (no amulet)
rElec   +            o - +6 ring of strength
rCorr   .            (no ring)
SInv    .            (no ring)
Will    .....        (no ring)
Stlth   +++          (no ring)
HPRegen 0.27/turn    (no ring)
MPRegen 0.14/turn    (no ring)
                     (no ring)

%: no passive effects
@: no status effects
A: almost no armour, amphibious, 8 rings, camouflage 1, gelatinous body 1,
(nimble swimmer 1), tentacles
a: no special abilities


You were on level 5 of the Dungeon.
You visited 1 branch of the dungeon, and saw 5 of its levels.

You collected 373 gold pieces.

Inventory:

Hand Weapons
 a - a +2 dagger of venom
Magical Staves
 b - a staff of air (weapon)
Jewellery
 o - a +6 ring of strength (left tentacle)
 w - a ring of poison resistance
Wands
 h - a wand of roots (1)
 u - a wand of mindburst (12)
Scrolls
 d - 6 scrolls of identify {unknown}
 f - 2 scrolls of fog {unknown}
 i - 3 scrolls of teleportation {unknown}
 l - a scroll of magic mapping {unknown}
 m - a scroll of enchant weapon {unknown}
 p - 2 scrolls of fear {unknown}
 s - a scroll of blinking {unknown}
 t - a scroll of brand weapon {unknown}
 v - a scroll of vulnerability {unknown}
Potions
 c - a potion of heal wounds {unknown}
 e - 2 potions of flight {unknown}
 g - a potion of magic
 j - 2 potions of degeneration {unknown}
 k - 4 potions of curing {unknown}
 n - a potion of cancellation {unknown}
 q - a potion of brilliance {unknown}
 r - a potion of lignification {unknown}
 x - a potion of haste {unknown}


   Skills:
 - Level 2.0 Dodging
 - Level 2.6 Stealth
 + Level 5.2 Spellcasting
 - Level 1.0 Conjurations
 * Level 8.1 Air Magic


You had 9 spell levels left.
You knew the following spells:

 Your Spells              Type           Power      Damage    Failure   Level
a - Shock                 Conj/Air       100%       1d9       1%          1
b - Swiftness             Air            54%        N/A       1%          3
c - Airstrike             Air            27%        2d(4-20)  4%          4

Your spell library contained the following spells:

 Spells                   Type           Power      Damage    Failure   Level
 Static Discharge         Conj/Air       70%        2-5/arc   2%          2
 Necrotise                Necr           20%        1d5       12%         1
 Vampiric Draining        Necr           5%         2d6       34%         3
 Agony                    Necr           5%         N/A       97%         5


Dungeon Overview and Level Annotations

Branches:
Dungeon (5/15)
 Temple: D:4-7

Altars:
Cheibriados
Elyvilon
Makhleb
Okawaru
Ru
Vehumet
Yredelemnul
Zin

Shops:
D:3 ::   D:4 [


Innate Abilities, Weirdness & Mutations

You cannot wear most types of armour.
You are amphibious.
You can wear up to eight rings at the same time.
Your skin changes colour to match your surroundings (Stealth+).
Your rubbery body absorbs attacks. (AC +1, EV +1)
((You are camouflaged when in or above water. (Stealth+)))
You have tentacles for arms and can constrict up to eight enemies at once.


Message History

Confirm with . or Enter, or press ? or * to list all spells.
Aiming: Airstrike (dangerous; 4% risk of failure)
Press: ? - help, Dir - move target, f - centaur
Aim: a centaur, quivering stones (empty space bonus: 1/8)
Okay, then.
The centaur wields a +0 shortbow.
The centaur shoots an arrow.
The arrow hits you!
The centaur shoots an arrow.
The arrow barely misses you.
As you close the door, it creaks loudly!
A centaur breaks down the door.
The centaur shoots an arrow.
The arrow hits you!
Casting: Airstrike (dangerous; 4% risk of failure)
Confirm with . or Enter, or press ? or * to list all spells.
Aiming: Airstrike (dangerous; 4% risk of failure)
Press: ? - help, Dir - move target, f - centaur
Aim: a centaur, wielding a +0 shortbow and quivering stones (empty space bonus: 2/8)
You feel a surge of power!
The air twists around and strikes the centaur.
The centaur is moderately wounded.
The centaur shoots an arrow.
The arrow closely misses you.
The centaur shoots an arrow.
The arrow completely misses you.
Casting: Airstrike (dangerous; 4% risk of failure)
Confirm with . or Enter, or press ? or * to list all spells.
Aiming: Airstrike (dangerous; 4% risk of failure)
Press: ? - help, Dir - move target, f/p - centaur
Aim: a centaur, wielding a +0 shortbow and quivering stones (moderately wounded, empty space bonus: 2/8)
You feel a surge of power!
The air twists around and strikes the centaur.
The centaur is moderately wounded.
The centaur shoots an arrow.
The arrow hits you!
* * * LOW HITPOINT WARNING * * *
Casting: Airstrike (dangerous; 4% risk of failure)
Confirm with . or Enter, or press ? or * to list all spells.
Aiming: Airstrike (dangerous; 4% risk of failure)
Press: ? - help, Dir - move target, f/p - centaur
Aim: a centaur, wielding a +0 shortbow and quivering stones (moderately wounded, empty space bonus: 2/8)
You feel a surge of power!
The air twists around and strikes the centaur.
The centaur is heavily wounded.
The centaur shoots an arrow.
The arrow hits you!
You die...

#...............
#.############## #.# #.#
#.# #.# ##########.#
#..........# #.......@..#
#..........#
#..........##
#..........>###
#?............###########
####'#####..#.......)....
#c# #..############# #.#
#..# #.# #..####


You could see a centaur.

Vanquished Creatures
  Sigmund (D:5)
  2 black bears (D:4)
  A centaur (D:5)
  2 ogres (D:4)
  A bullfrog (D:4)
  2 scorpions
  An orc wizard (D:4)
  8 adders
  A white imp (D:5)
  A worm (D:2)
  2 dart slugs
  7 orcs
  6 endoplasms
  4 giant cockroaches
  10 hobgoblins
  12 jackals
  3 quokkas
  8 ball pythons
  6 bats
  4 frilled lizards
  9 goblins
  9 kobolds
  4 rats
104 creatures vanquished.

Notes
Turn   | Place    | Note
-------+----------+-------------------------------------------
     0 | D:1      | pigah the Octopode Air Elementalist began the quest for the
                  | Orb.
     0 | D:1      | Reached XP level 1. HP: 11/11 MP: 3/3
   156 | D:1      | Reached XP level 2. HP: 11/17 MP: 0/5
   555 | D:1      | Reached XP level 3. HP: 21/21 MP: 0/6
   636 | D:1      | Found a faded altar of an unknown god.
   716 | D:1      | Reached skill level 4 in Air Magic
  1647 | D:2      | Reached XP level 4. HP: 27/27 MP: 4/7
  1908 | D:2      | Learned a level 3 spell: Swiftness
  1913 | D:2      | Learned a level 4 spell: Airstrike
  2598 | D:3      | Found Aplietay's Book Boutique.
  2665 | D:3      | Found an iron altar of Okawaru.
  2665 | D:3      | Found a burning altar of Makhleb.
  2665 | D:3      | Found a sacrificial altar of Ru.
  2674 | D:3      | Found a basalt altar of Yredelemnul.
  2680 | D:3      | Found a snail-covered altar of Cheibriados.
  2682 | D:3      | Found a radiant altar of Vehumet.
  2683 | D:3      | Found a glowing silver altar of Zin.
  2794 | D:3      | Found Huulleurph's Book Shoppe.
  2972 | D:3      | Found a white marble altar of Elyvilon.
  3112 | D:4      | Noticed a bullfrog
  3121 | D:4      | Killed a bullfrog
  3122 | D:4      | Reached skill level 5 in Air Magic
  3122 | D:4      | Reached XP level 5. HP: 22/31 MP: 4/9
  3338 | D:4      | Noticed an ogre
  3362 | D:4      | Killed an ogre
  3363 | D:4      | Reached XP level 6. HP: 36/36 MP: 3/11
  3447 | D:4      | Reached skill level 6 in Air Magic
  4140 | D:4      | Found Nereus's Antique Armour Emporium.
  4225 | D:4      | Noticed a black bear
  4253 | D:4      | Killed a black bear
  4254 | D:4      | Reached XP level 7. HP: 41/41 MP: 3/13
  4349 | D:4      | Reached skill level 7 in Air Magic
  4794 | D:5      | Entered Level 5 of the Dungeon
  5409 | D:5      | Noticed Sigmund
  5434 | D:5      | Killed Sigmund
  5435 | D:5      | Reached skill level 5 in Spellcasting
  5435 | D:5      | Reached skill level 8 in Air Magic
  5435 | D:5      | Reached XP level 8. HP: 24/46 MP: 9/15
  5633 | D:5      | Shot with an arrow by a centaur

Illustrated notes

Levels and vault maps discovered:
D:1:      ldierk_walled_garden_2, layout_loops_ring,
          hellmonk_ecumenical_altar_run_dry
D:2:      layout_loops_corners
D:3:      layout_basic, elyvilon_altar_1, nicolae_overflow_hallway_of_the_gods,
          serial_shops, shop, shop
D:4:      minmay_chambers_of_threes, layout_basic, serial_shops,
          nicolae_shop_back_alley_shop, serial_park_tiny_pond,
          minmay_gold_behind_fungi, serial_park_tiny_pond,
          nicolae_kite_square_tiling_tiny, hangedman_feature_mirror,
          nicolae_elevator_lobby_plus
D:5:      layout_basic, uniq_sigmund

Skill      XL: |  1  2  3  4  5  6  7 |
---------------+----------------------+-----
Air Magic      | 4 5 6 8 |  8.1
Spellcasting   | 3 4 5 |  5.2
Dodging        | |  2.0
Stealth        | |  2.6
Conjurations   | |  1.0

Action                     |  1- 3 |  4- 6 |  7- 9 || total
---------------------------+-------+-------+-------++-------
  Melee: Unarmed           |     9 |       |       ||     9
         Tentacles         |     4 |     4 |     3 ||    11
         Constrict         |     3 |     3 |     2 ||     8
         Staff             |     2 |     7 |     4 ||    13
         Dagger            |       |     2 |       ||     2
   Cast: Shock             |    59 |    89 |    20 ||   168
         Airstrike         |       |     5 |    13 ||    18
 Armour: Skin              |     2 |     1 |       ||     3
  Dodge: Dodged            |    11 |     5 |     6 ||    22
